 Dungeon Crawl Stone Soup version 0.31.0-32-g396128a36d (webtiles) character file.

Game seed: 2677797866982209640

103 AlmostFaded the Covert (level 4, 19/41 HPs)
             Began as a Gnoll Delver on Apr 14, 2024.
             Quit the game on level 4 of the Dungeon.
             The game lasted 00:01:51 (666 turns).

AlmostFaded the Covert (Gnoll Delver)                Turns: 666, Time: 00:01:51

Health: 19/41      AC:  3    Str:  9 (12) XL:     4   Next: 79%
Magic:  5/5        EV: 12    Int: 10 (11) God:
Gold:   69         SH:  0    Dex: 12 (13) Spells: 5/5 levels left

rFire   . . .        a - +0 short sword
rCold   . . .        (no shield)
rNeg    . . .        b - +0 leather armour
rPois   .            (no helmet)
rElec   .            (no cloak)
rCorr   .            (no gloves)
SInv    .            (no boots)
Will    .....        (no amulet)
Stlth   ++++         (no ring)
HPRegen 0.26/turn    (no ring)
MPRegen 0.09/turn

%: no passive effects
@: no status effects
A: fangs 1, strong nose, distributed training
a: no special abilities


You were on level 4 of the Dungeon.
You visited 1 branch of the dungeon, and saw 2 of its levels.

You collected 69 gold pieces.

Inventory:

Hand Weapons
 a - a +0 short sword (weapon)
Armour
 b - a +0 leather armour (worn)
Wands
 g - a wand of digging (3)
Scrolls
 c - a scroll of fog
 d - a scroll of revelation
 f - a scroll of amnesia {unknown}
 i - a scroll of teleportation {unknown}


   Skills:
 + Level 6.6 Fighting
 + Level 4.7 Short Blades
 + Level 1.3 Long Blades
 + Level 1.3 Axes
 + Level 1.3 Maces & Flails
 + Level 1.3 Polearms
 + Level 1.3 Staves
 + Level 1.3 Ranged Weapons
 + Level 1.3 Throwing
 + Level 1.3 Armour
 + Level 4.7 Dodging
 + Level 9.6 Stealth
 + Level 1.3 Shields
 + Level 1.3 Unarmed Combat
 + Level 1.3 Spellcasting
 + Level 1.0 Conjurations
 + Level 1.0 Hexes
 + Level 1.0 Summonings
 + Level 1.0 Necromancy
 + Level 1.0 Translocations
 + Level 1.0 Fire Magic
 + Level 1.0 Ice Magic
 + Level 1.0 Air Magic
 + Level 1.0 Earth Magic
 + Level 1.0 Alchemy
 + Level 1.4 Invocations
 + Level 1.3 Evocations
 + Level 1.2 Shapeshifting


You had 5 spell levels left.
You didn't know any spells.
Your spell library contained the following spells:

 Spells                   Type           Power      Damage    Failure   Level
 Sandblast                Erth           4%         2d4       30%         1
 Passwall                 Erth           2%         N/A       65%         3
 Stone Arrow              Conj/Erth      4%         3d7       65%         3
 Brom's Barrelling Bould  Conj/Erth      2%         2d3       96%         4


Dungeon Overview and Level Annotations

Branches:
Dungeon (5/15)
 Temple: D:4-7

Altars:
Ru

Annotations:
D:4 exclusion: scorpion
D:5 exclusions: 2 iguanas, ribbon worm, water moccasin and white imp


Innate Abilities, Weirdness & Mutations

You have very sharp teeth.
Your uncanny sense of smell can sniff out nearby items.
Your experience applies equally to all skills.


Message History

The scorpion is lightly wounded.
The scorpion barely misses you.
You hit the scorpion but do no damage.
The scorpion is lightly wounded.
The scorpion stings you.
You are poisoned.
The scorpion poisons you!
You hit the scorpion but do no damage.
The scorpion is lightly wounded.
You feel sick.
You hit the scorpion but do no damage. Your bite misses the scorpion.
The scorpion is lightly wounded.
You feel sick.
The scorpion stings you but does no damage.
You closely miss the scorpion.
The scorpion is lightly wounded.
You feel sick. The scorpion barely misses you.
You hit the scorpion but do no damage.
The scorpion is lightly wounded.
You feel sick. The scorpion closely misses you.
It was a potion of degeneration.
There was something very wrong with that liquid.
You feel weakened.
You feel dopey.
You feel clumsy.
You feel sick. The scorpion stings you!
You are more poisoned.
The scorpion poisons you!
You aren't carrying any potions.
As you read the scroll of fear, it crumbles to dust.
You assume a fearsome visage.
The scorpion looks frightened!
You feel very sick.
You feel very sick.
You feel sick.
You feel sick.
You feel sick.
You feel sick.
You feel sick.
You feel sick.
You feel sick.
You are no longer poisoned.
Are you sure you want to abandon this character and quit the game? (Confirm with "yes".)

.......#.......'...#...........#
......##.......#...#...........#
#+######......##...#...........#
......##......##...#...........#
.......#...........#...........#
.......'...........#...........#
.......#......###+##...........#
#####'##......#................#
......##......#.@..............#
..#######.....'................#
###P.P^P#######...............)#
P##.P.PP#......................#
.#.^P_.P#......................#
..#....P#......#####...........#
###PP^PP#......'...#...........#
..#######......#...#...........#
.......#########...# .........#


There were no monsters in sight!

Vanquished Creatures
  An ice beast (D:4)
  A dart slug (D:5)
  2 hobgoblins (D:4)
  A kobold (D:4)
5 creatures vanquished.

Notes
Turn   | Place    | Note
-------+----------+-------------------------------------------
     0 | D:5      | Reached skill level 9 in Stealth
     0 | D:5      | AlmostFaded the Gnoll Delver began the quest for the Orb.
     0 | D:5      | Reached XP level 1. HP: 23/23 MP: 1/1
     5 | D:5      | Noticed an iguana
    10 | D:5      | Noticed an iguana
    52 | D:5      | Noticed a water moccasin
   347 | D:4      | Noticed a scorpion
   402 | D:4      | Found a sacrificial altar of Ru.
   464 | D:4      | Noticed an ice beast
   469 | D:4      | Killed an ice beast
   470 | D:4      | Reached skill level 1 in Long Blades
   470 | D:4      | Reached skill level 1 in Axes
   470 | D:4      | Reached skill level 1 in Maces & Flails
   470 | D:4      | Reached skill level 1 in Polearms
   470 | D:4      | Reached skill level 1 in Staves
   470 | D:4      | Reached skill level 1 in Ranged Weapons
   470 | D:4      | Reached skill level 1 in Throwing
   470 | D:4      | Reached skill level 1 in Armour
   470 | D:4      | Reached skill level 1 in Shields
   470 | D:4      | Reached skill level 1 in Unarmed Combat
   470 | D:4      | Reached skill level 1 in Spellcasting
   470 | D:4      | Reached skill level 1 in Conjurations
   470 | D:4      | Reached skill level 1 in Hexes
   470 | D:4      | Reached skill level 1 in Summonings
   470 | D:4      | Reached skill level 1 in Necromancy
   470 | D:4      | Reached skill level 1 in Translocations
   470 | D:4      | Reached skill level 1 in Fire Magic
   470 | D:4      | Reached skill level 1 in Ice Magic
   470 | D:4      | Reached skill level 1 in Air Magic
   470 | D:4      | Reached skill level 1 in Earth Magic
   470 | D:4      | Reached skill level 1 in Alchemy
   470 | D:4      | Reached skill level 1 in Invocations
   470 | D:4      | Reached skill level 1 in Evocations
   470 | D:4      | Reached skill level 1 in Shapeshifting
   470 | D:4      | Reached XP level 2. HP: 29/29 MP: 1/3
   470 | D:4      | Reached XP level 3. HP: 35/35 MP: 1/4
   470 | D:4      | Reached XP level 4. HP: 41/41 MP: 1/5
   635 | D:4      | Noticed a scorpion
   666 | D:4      | Quit the game

Illustrated notes

Levels and vault maps discovered:
D:4:      minmay_chambers_of_threes, layout_gridville,
          nicolae_ru_the_path_less_chosen, nrook_campfire
D:5:      layout_loops_ring, lemuel_tele_altar, ashenzari_conservatory_becter,
          temple_green, uniq_blork_the_orc, uniq_sigmund, uniq_eustachio,
          uniq_edmund

Skill      XL: |  1 |
---------------+----+-----
Stealth        | |  9.6
Long Blades    | 1 |  1.3
Axes           | 1 |  1.3
Maces & Flails | 1 |  1.3
Polearms       | 1 |  1.3
Staves         | 1 |  1.3
Ranged Weapons | 1 |  1.3
Throwing       | 1 |  1.3
Armour         | 1 |  1.3
Shields        | 1 |  1.3
Unarmed Combat | 1 |  1.3
Spellcasting   | 1 |  1.3
Conjurations   | 1 |  1.0
Hexes          | 1 |  1.0
Summonings     | 1 |  1.0
Necromancy     | 1 |  1.0
Translocations | 1 |  1.0
Fire Magic     | 1 |  1.0
Ice Magic      | 1 |  1.0
Air Magic      | 1 |  1.0
Earth Magic    | 1 |  1.0
Alchemy        | 1 |  1.0
Invocations    | 1 |  1.4
Evocations     | 1 |  1.3
Shapeshifting  | 1 |  1.2
Fighting       | |  6.6
Short Blades   | |  4.7
Dodging        | |  4.7

Action                     |  1- 3 |  4- 6 || total
---------------------------+-------+-------++-------
  Melee: Short sword       |    13 |     8 ||    21
    Use: Potion            |     1 |     1 ||     2
         Scroll            |       |     1 ||     1
   Stab: Sleeping          |     2 |       ||     2
 Armour: Leather armour    |     2 |     7 ||     9
  Dodge: Dodged            |     6 |     4 ||    10
